 Dungeon Crawl Stone Soup version 0.32-a0-685-g93135e86f0 (webtiles) character file.

Game seed: 16445026840252579716

3687 BubbleThief the Covert (level 9, -2/57 HPs)
             Began as a Vampire Enchanter on Mar 13, 2024.
             Was a High Priest of Uskayaw.
             Asphyxiated
             ... on level 8 of the Dungeon.
             The game lasted 00:14:15 (6165 turns).

BubbleThief the Covert (Vampire Enchanter)          Turns: 6165, Time: 00:14:16

Health: -2/57      AC: 13    Str:  7    XL:     9   Next: 90%
Magic:  1/12       EV: 10    Int: 18    God:    Uskayaw [*****.]
Gold:   349        SH:  0    Dex: 24    Spells: 7/12 levels left

rFire   . . .        t - +1 short sword (venom)
rCold   . . .        (no shield)
rNeg    . . .        n - quicksilver dragon scales
rPois   .            z - +2 hat
rElec   .            (no cloak)
rCorr   .            k - +1 pair of gloves
SInv    +            (no boots)
Will    +....        (no amulet)
Stlth   +++++        B - +6 ring of dexterity
HPRegen 0.49/turn    (no ring)
MPRegen 0.13/turn

%: no passive effects
@: lethally poisoned (-2 -> -15), healing quickly
A: alive, fangs 3, see invisible, vampiric 2
a: Exsanguinate, Renounce Religion, Stomp, Line Pass, Grand Finale


You were on level 8 of the Dungeon.
You worshipped Uskayaw.
Uskayaw was noncommittal.
You visited 2 branches of the dungeon, and saw 9 of its levels.

You collected 379 gold pieces.
You spent 30 gold pieces at shops.

Inventory:

Hand Weapons
 a - a +1 dagger
 t - a +1 short sword of venom (weapon)
 u - a +0 orcbow
 w - a +0 sling of draining
Missiles
 h - 2 atropa-tipped darts (quivered)
Armour
 k - a +1 pair of gloves (worn)
 n - quicksilver dragon scales (worn)
 z - a +2 hat (worn)
 A - an orb of mayhem
Jewellery
 b - a ring of fire
 B - a +6 ring of dexterity (left hand)
Wands
 i - a wand of warping (11)
Scrolls
 d - 2 scrolls of teleportation {unknown}
 g - 3 scrolls of identify {unknown}
 l - 3 scrolls of enchant armour
 m - a scroll of brand weapon {unknown}
 o - 2 scrolls of vulnerability {unknown}
 p - 2 scrolls of noise {unknown}
 q - 2 scrolls of fear {unknown}
 s - a scroll of amnesia {unknown}
 v - 2 scrolls of immolation {unknown}
 x - a scroll of revelation {unknown}
 y - a scroll of enchant weapon
 C - a scroll of fog {unknown}
Potions
 c - 2 potions of invisibility
 e - a potion of degeneration {unknown}
 f - 2 potions of curing
 j - a potion of enlightenment {unknown}
 r - a potion of haste {unknown}


   Skills:
 + Level 9.1 Short Blades
 - Level 2.1 Dodging
 + Level 13.3 Stealth
 - Level 2.0 Spellcasting
 + Level 12.3 Hexes


You had 7 spell levels left.
You knew the following spells:

 Your Spells              Type           Power      Damage    Failure   Level
a - Ensorcelled Hibernat  Hex/Ice        48%        N/A       8%          2
b - Confusing Touch       Hex            46%        N/A       1%          3

Your spell library contained the following spells:

 Spells                   Type           Power      Damage    Failure   Level
 Tukima's Dance           Hex            46%        N/A       1%          3
 Cause Fear               Hex            23%        N/A       4%          4
 Dazzling Flash           Conj/Hex       48%        N/A       16%         3
 Anguish                  Hex/Necr       12%        N/A       45%         4
 Call Imp                 Summ           2%         N/A       67%         2
 Sublimation of Blood     Necr           1%         N/A       67%         2
 Enfeeble                 Hex            23%        N/A       98%         7
 Summon Hydra             Summ           0%         N/A       100%        7


Dungeon Overview and Level Annotations

Branches:
Dungeon (8/15)             Temple (1/1) D:4
   Lair: D:8-11

Altars:
Ashenzari
Dithmenos
Fedhas
Gozag
Hepliaklqana
Makhleb
Nemelex Xobeh
Okawaru
Qazlal
Ru
Sif Muna
Uskayaw
Vehumet
Wu Jian
Yredelemnul

Shops:
D:1 [   D:3 !   D:4 [:   D:5 (


Innate Abilities, Weirdness & Mutations

Your natural rate of healing is accelerated.
You have razor-sharp teeth.
You have supernaturally acute eyesight. (SInv)
You are afflicted with vampirism and can become a bat while bloodless.


Message History

The kobold brigand is no longer paralysed.
The yak is no longer paralysed.
The gnoll sergeant is no longer paralysed.
The gnoll sergeant is no longer sharing its pain.
Found a fizzy black potion.
The gnoll sergeant attacks as it pursues you!
The gnoll sergeant hits you but does no damage.
The gnoll bouda barks out a call to the hunt!
The gnoll sergeant picks up the pace!
You hear a croak.
You hear a loud, deep croak!
The gnoll sergeant hits you from afar with a +0 spear!
* * * LOW HITPOINT WARNING * * *
Casting: Ensorcelled Hibernation (safe; 8% risk of failure)
Confirm with . or Enter, or press ? or * to list all spells.
Aiming: Ensorcelled Hibernation (safe; 8% risk of failure)
Press: ? - help, Shift-Dir - straight line, f - gnoll sergeant, p - kobold brigand
Aim: a gnoll sergeant, wielding a +0 spear, wearing a +0 scale mail and wearing a ring of flight (heavily wounded, covering ground quickly, chance to affect: 55%)
The gnoll sergeant resists with significant effort.
The gnoll sergeant misses you.
Unknown command.
Casting: Ensorcelled Hibernation (safe; 8% risk of failure)
Confirm with . or Enter, or press ? or * to list all spells.
Aiming: Ensorcelled Hibernation (safe; 8% risk of failure)
Press: ? - help, Shift-Dir - straight line, f/p - gnoll sergeant
Aim: a gnoll sergeant, wielding a +0 spear, wearing a +0 scale mail and wearing a ring of flight (heavily wounded, covering ground quickly, chance to affect: 55%)
The gnoll sergeant resists with significant effort.
You are no longer corroded.
The kobold brigand throws a curare-tipped dart.
The curare-tipped dart misses you.
The gnoll sergeant hits you from afar with a +0 spear.
* * * LOW HITPOINT WARNING * * *
An orc comes into view. It is wielding a +0 club.
Unknown command.
The orc shouts!
You hear a croak.
The kobold brigand throws a curare-tipped dart.
The curare-tipped dart hits you.
You are lethally poisoned!
You have difficulty breathing.
You die...
Your body falls in perfect tune with the rhythm.

#.# ##.. ##...
..## ##..## # #..#
##.#### #. #..#
#..# #. #.## ##.##
#o#####...# #..#
#..@..g##.#
##.####.
#..####.KYg#
##.....# #.
#$)[###.###....###
#
#[?##SK##.#....##
#! #.y#.g....#
#.#[.###.# #)#.#
..# #D#ยง# #.#
gk#.# ..


You could see a yak, a kobold brigand, a gnoll sergeant (swift), a gnoll bouda
and an orc.

Vanquished Creatures
  Jeremiah (D:7)
  Psyche (D:8)
  A hornet (D:8)
  Prince Ribbit (D:8)
  Sigmund (D:6)
  A wyvern (D:8)
  3 steam dragons
  An acid dragon (D:8)
  4 water moccasins
  An orc warrior (D:6)
  A sky beast (D:6)
  An ice beast (D:4)
  An ogre (D:5)
  2 centaurs (D:5)
  2 bullfrogs
  4 scorpions
  2 howler monkeys
  2 hounds
  3 orc priests
  2 jellies (D:6)
  Terence (D:3)
  Jessica (D:3)
  3 iguanas
  3 orc wizards
  Robin (D:3)
  5 adders
  A white imp (D:7)
  2 ribbon worms
  A dart slug (D:5)
  27 orcs
  7 endoplasms
  5 giant cockroaches
  15 goblins
  8 hobgoblins
  4 jackals (D:5)
  2 quokkas
  6 ball pythons
  7 bats
  3 frilled lizards
  7 kobolds
  2 rats (D:3)
146 creatures vanquished.

Notes
Turn   | Place    | Note
-------+----------+-------------------------------------------
     0 | D:1      | BubbleThief the Vampire Enchanter began the quest for the
                  | Orb.
     0 | D:1      | Reached XP level 1. HP: 13/13 MP: 3/3
   149 | D:1      | Found Ziashus's Armour Shop.
   184 | D:1      | Found a faded altar of an unknown god.
   416 | D:1      | Reached XP level 2. HP: 19/19 MP: 5/5
   651 | D:1      | Learned a level 2 spell: Ensorcelled Hibernation
   704 | D:2      | Reached skill level 5 in Stealth
   825 | D:2      | Reached skill level 5 in Hexes
   879 | D:2      | Gained mutation: You are afflicted with vampirism and can
                  | become a bat while bloodless. [Vampire growth]
   879 | D:2      | Reached XP level 3. HP: 12/24 MP: 1/6
  1398 | D:3      | Reached XP level 4. HP: 20/30 MP: 7/7
  1493 | D:3      | Found a basalt altar of Yredelemnul.
  1553 | D:3      | Found Jeamax's Distillery.
  1556 | D:3      | Bought a potion of curing for 30 gold pieces
  1578 | D:3      | Noticed Robin
  1597 | D:3      | Killed Robin
  1638 | D:3      | Reached skill level 6 in Stealth
  1716 | D:3      | Found a shadowy altar of Dithmenos.
  1807 | D:3      | Noticed Terence
  1814 | D:3      | Killed Terence
  1832 | D:3      | Reached XP level 5. HP: 11/35 MP: 5/8
  2085 | D:3      | Noticed Jessica
  2088 | D:3      | Killed Jessica
  2488 | D:4      | Reached skill level 7 in Stealth
  2507 | D:4      | Reached XP level 6. HP: 38/41 MP: 9/9
  2735 | D:4      | Found Fiorycs's Book Shoppe.
  2770 | D:4      | Found a staircase to the Ecumenical Temple.
  2776 | Temple   | Entered the Ecumenical Temple
  2785 | Temple   | Became a worshipper of Uskayaw the Reveller
  2816 | D:4      | Found a radiant altar of Vehumet.
  2863 | D:4      | Found Befrier's Armour Shop.
  2891 | D:4      | Reached * piety under Uskayaw
  2894 | D:4      | Reached ** piety under Uskayaw
  2998 | D:4      | Found an ornate altar of the Wu Jian Council.
  3238 | D:5      | Entered Level 5 of the Dungeon
  3284 | D:5      | Found Jos Mubea's Antique Weapon Shoppe.
  3500 | D:5      | Noticed an ice beast
  3574 | D:4      | Killed an ice beast
  3574 | D:4      | Reached *** piety under Uskayaw
  3623 | D:5      | Reached skill level 8 in Stealth
  3623 | D:5      | Reached XP level 7. HP: 38/46 MP: 10/10
  3751 | D:5      | Reached skill level 5 in Short Blades
  3860 | D:5      | Reached skill level 9 in Stealth
  4364 | D:6      | Noticed Sigmund
  4377 | D:6      | Killed Sigmund
  4378 | D:6      | Reached XP level 8. HP: 37/52 MP: 11/11
  4518 | D:6      | Reached skill level 10 in Stealth
  5044 | D:7      | Noticed Jeremiah
  5050 | D:7      | Killed Jeremiah
  5051 | D:7      | Reached skill level 10 in Hexes
  5159 | D:7      | Reached skill level 11 in Stealth
  5312 | D:7      | Learned a level 3 spell: Confusing Touch
  5419 | D:7      | Found a faded altar of an unknown god.
  5434 | D:7      | Reached XP level 9. HP: 51/57 MP: 12/12
  5732 | D:7      | Noticed an angel
  5738 | D:7      | Found a burning altar of Makhleb.
  5745 | D:7      | Found a sacrificial altar of Ru.
  5759 | D:7      | Found an iron altar of Okawaru.
  5781 | D:7      | Found a broken altar of Ashenzari.
  5782 | D:7      | Found an opulent altar of Gozag.
  6002 | D:8      | Noticed Prince Ribbit
  6007 | D:8      | Killed Prince Ribbit
  6008 | D:8      | Reached skill level 12 in Stealth
  6145 | D:8      | Reached **** piety under Uskayaw
  6151 | D:8      | Noticed Psyche
  6153 | D:8      | Reached ***** piety under Uskayaw
  6157 | D:8      | Killed Psyche
  6158 | D:8      | Reached skill level 13 in Stealth
  6165 | D:8      | Asphyxiated

Illustrated notes

Levels and vault maps discovered:
D:1:      lemuel_arrival_muddy, layout_basic, serial_shops, shop,
          shapermc_ecumenical_altar_mp_highgroup
D:2:      layout_rooms, grunt_ministairs_1, chequers_serial_rivers_marsh
D:3:      layout_loops_ring, old_standard_altar, mainiacjoe_overflow_paths,
          lemuel_crystal_altar, serial_shops, nicolae_shop_real_fake_doors,
          patterned_corridor, uniq_robin, uniq_jessica, uniq_terence
D:4:      layout_loops_corners, mainiacjoe_overflow_alcove_2,
          mainiacjoe_overflow_six_doors_small, temple_green, serial_shops,
          nicolae_shop_behind_doors, nicolae_take_the_stairs,
          dk_rats_in_the_wall
D:5:      layout_basic, serial_shops, kennysheep_little_box
D:6:      layout_gridville, uniq_sigmund
D:7:      layout_cave_pods, zin_angel, minitemple, serial_column_ruins,
          column_ruins_temple_circle, column_ruins_columns_straight,
          column_ruins_open_large, column_ruins_columns_straight,
          column_ruins_grid_1, column_ruins_open_tiny, column_ruins_open_tiny,
          column_ruins_grid_1, uniq_jeremiah
D:8:      layout_layer_cave, minmay_alternating_orb, uniq_psyche, uniq_maggie,
          uniq_prince_ribbit1
Temple:   nicolae_temple_ecumenical_triangle

Skill      XL: |  1  2  3  4  5  6  7  8  9 |
---------------+----------------------------+-----
Short Blades   | 2 3 4 6 7 9 |  9.1
Stealth        | 5 6 7 8 9 11 13 | 13.3
Hexes          | 5 6 7 9 10 12 | 12.3
Dodging        | |  2.1
Spellcasting   | |  2.0

Action                     |  1- 3 |  4- 6 |  7- 9 || total
---------------------------+-------+-------+-------++-------
  Melee: Dagger            |   113 |   122 |       ||   235
         Bite              |    11 |    26 |    30 ||    67
         Short sword       |       |   106 |   192 ||   298
  Throw: Dart              |       |       |     2 ||     2
   Cast: Ensorcelled Hiber |     5 |     2 |    11 ||    18
  Evoke: Wand              |       |       |     1 ||     1
    Use: Scroll            |       |       |     2 ||     2
         Potion            |       |       |     1 ||     1
   Stab: Sleeping          |    10 |    10 |    23 ||    43
         Distracted        |       |     1 |       ||     1
         Paralysed         |       |       |     4 ||     4
 Armour: Robe              |    36 |       |       ||    36
         Quicksilver drago |    27 |   123 |   127 ||   277
  Dodge: Dodged            |    78 |    86 |    81 ||   245

Table legend: (Time is in decaauts)
 A = Elapsed time spent in this place.
 B = Non-inter-level travel time spent in this place.
 C = Inter-level travel time spent in this place.
 D = Time resting spent in this place.
 E = Time spent auto-exploring this place.
 F = Levels seen in this place.
 G = Mean time per level.
                   A        B        C        D        E       F      G
               +--------+--------+--------+--------+--------+-----+--------+
         Total |   6063 |   5911 |    152 |    132 |   4531 |   9 |  673.7 |
       Dungeon |   6048 |   5896 |    152 |    132 |   4531 |   8 |  756.0 |
        Temple |     14 |     14 |      0 |      0 |      0 |   1 |   14.0 |
               +--------+--------+--------+--------+--------+-----+--------+

Top non-repeatable levels by time:
     D:4: 1043 daAuts
     D:3: 939 daAuts
     D:5: 876 daAuts
     D:7: 861 daAuts
     D:6: 798 daAuts
     D:2: 690 daAuts
     D:1: 608 daAuts
     D:8: 230 daAuts
  Temple: 14 daAuts
